 Dungeon Crawl Stone Soup version 0.26.1-11-gd32895ea62 (webtiles) character file.

Game seed: 3443939991113055615

476 AuftragZ the Gusty (level 6, -8/46 HPs)
             Began as a Draconian Air Elementalist on June 17, 2021.
             Mangled by an orc warrior
             ... wielding a +0 glaive
              (21 damage)
             ... on level 4 of the Dungeon.
             The game lasted 00:15:57 (5108 turns).

AuftragZ the Gusty (Draconian Air Elementalist)     Turns: 5108, Time: 00:15:58

Health: -8/46      AC:  7    Str: 11    XL:     6   Next: 84%
Magic:  1/12       EV: 12    Int: 17    God:
Gold:   225        SH:  0    Dex: 11    Spells: 7/13 levels left

rFire    . . .     SeeInvis .   q - +3 hand axe (freeze)
rCold    . . .     Faith    .   (no shield)
rNeg     . . .     Spirit   .   (armour unavailable)
rPois    .         Reflect  .   (helmet restricted)
rElec    .         Harm     .   (no cloak)
rCorr    .         Rampage  .   (no gloves)
Will     .....                  b - +0 pair of boots
Stlth    ++........             (no amulet)
HPRegen  0.15/turn              r - ring of wizardry
MPRegen  0.13/turn              (no ring)

@: no status effects
A: unfitting armour, cold-blooded, AC +6
a: no special abilities


You were on level 4 of the Dungeon.
You visited 1 branch of the dungeon, and saw 4 of its levels.

You collected 225 gold pieces.

Inventory:

Hand Weapons
 q - a +3 hand axe of freezing (weapon)
Armour
 b - a +0 pair of boots (worn)
Jewellery
 r - a ring of wizardry (left hand)
Scrolls
 e - a scroll of fog {unknown}
 i - a scroll of immolation {unknown}
 j - 2 scrolls of enchant armour {unknown}
 k - 2 scrolls of remove curse {unknown}
Potions
 a - a potion of mutation {unknown}
 c - 3 potions of curing
 f - a potion of heal wounds
 h - a potion of brilliance {unknown}
 m - 2 potions of haste
 n - a potion of lignification {unknown}
 o - 2 potions of magic {unknown}
 p - a potion of might {unknown}


   Skills:
 - Level 0.4 Fighting
 - Level 1.0 Short Blades
 - Level 2.1 Dodging
 - Level 2.0 Stealth
 + Level 4.2 Spellcasting
 + Level 3.5 Conjurations
 + Level 5.0 Air Magic


You had 7 spell levels left.
You knew the following spells:

 Your Spells              Type           Power        Failure   Level
a - Shock                 Conj/Air       72%          1%          1
b - Swiftness             Air            20%          1%          2
c - Static Discharge      Conj/Air       18%          3%          3

Your spell library contained the following spells:

 Spells                   Type           Power        Failure   Level
 Airstrike                Air            10%          8%          4
 Lightning Bolt           Conj/Air       9%           28%         5


Dungeon Overview and Level Annotations

Branches:
Dungeon (4/15)
 Temple: D:4-7

Altars:
Dithmenos
Trog
Xom


Innate Abilities, Weirdness & Mutations

Your plain brown scales are hard. (AC +6)
You cannot fit into any form of body armour.
You are cold-blooded and may be slowed by cold attacks.


Message History

The orc warrior hits you from afar with a +0 glaive!!
The orc warrior hits you but does no damage.
Casting: Shock (safe; 1% risk of failure)
Confirm with . or Enter, or press ? or * to list all spells.
Aiming: Shock (safe; 1% risk of failure)
Press: ? - help, Shift-Dir - straight line, f/p - orc warrior
Aim: an orc warrior, wielding a +0 glaive and wearing a +0 plate armour (almost dead, 29% to evade)
The zap misses the orc warrior.
The orc warrior hits you from afar with a +0 glaive!
* * * LOW HITPOINT WARNING * * *
You feel much better. The orc warrior barely misses you.
The orc warrior hits you with a +0 glaive!
You hit the orc warrior. You freeze the orc warrior.
The orc warrior is almost dead.
The orc warrior hits you with a +0 glaive!
* * * LOW HITPOINT WARNING * * *
You closely miss the orc warrior.
The orc warrior is almost dead.
The orc warrior hits you with a +0 glaive!!
You die...

#.......................#.
#.).....................'.
#...........##....##..?.#.
#...........#####'###'####
#......##...##...........#
#......##...##...........#
#...........#............#
#..<........#............#
#.......o@..#............#
#...........#............#
####+####...#............#
#...##....###+####
..##...##....#.......
..............#.......
..............#.......
...............#.......
...###..###...##.......


You could see an orc warrior.

Vanquished Creatures
  2 ogres (D:4)
  2 scorpions (D:4)
  An orc wizard (D:4)
  A worker ant (D:4)
  8 adders
  2 worms
  A dart slug (D:4)
  3 leopard geckos
  10 orcs
  4 giant cockroaches
  6 goblins
  3 hobgoblins
  6 jackals (D:4)
  2 ball pythons
  5 bats
  3 frilled lizards
  11 kobolds
  4 rats (D:1)
74 creatures vanquished.

Vanquished Creatures (others)
  A wizard (D:3)
1 creature vanquished.

Grand Total: 75 creatures vanquished

Notes
Turn   | Place    | Note
-------+----------+-------------------------------------------
     0 | D:1      | AuftragZ the Draconian Air Elementalist began the quest for
                  | the Orb.
     0 | D:1      | Reached XP level 1. HP: 14/14 MP: 3/3
   314 | D:1      | Reached XP level 2. HP: 20/20 MP: 3/5
   963 | D:1      | Found a snail-covered altar of Cheibriados.
   966 | D:1      | Found an ornate altar of the Wu Jian Council.
   966 | D:1      | Found a shimmering altar of Xom.
   968 | D:1      | Found a radiant altar of Vehumet.
   968 | D:1      | Found a blossoming altar of Fedhas.
   968 | D:1      | Found a stormy altar of Qazlal.
  1043 | D:2      | Learned a level 2 spell: Swiftness
  1183 | D:2      | Reached XP level 3. HP: 26/26 MP: 1/6
  2199 | D:2      | Reached XP level 4. HP: 33/33 MP: 5/7
  2224 | D:2      | Found a shadowy altar of Dithmenos.
  2737 | D:3      | Reached skill level 4 in Air Magic
  2842 | D:3      | Reached skill level 1 in Short Blades
  2905 | D:3      | Found a faded altar of an unknown god.
  3569 | D:3      | Found a bloodstained altar of Trog.
  3572 | D:3      | Noticed a wizard
  3578 | D:3      | Killed a wizard
  3780 | D:4      | Reached XP level 5. HP: 18/39 MP: 0/9
  4254 | D:4      | Noticed an ogre
  4265 | D:4      | Killed an ogre
  4266 | D:4      | Reached XP level 6. HP: 36/46 MP: 0/11
  4819 | D:4      | Learned a level 3 spell: Static Discharge
  5071 | D:4      | Noticed an orc warrior
  5083 | D:4      | Reached skill level 5 in Air Magic
  5108 | D:4      | Mangled by an orc warrior

Illustrated notes

Levels and vault maps discovered:
D:1:      lightli_arrival_lavapool, layout_basic, moated_statue,
          doesnt_xom_only_xom
D:2:      layout_basic, marbit_many_paths
D:3:      layout_loops_ring, nicolae_overflow_hidden_temple,
          chequers_ecumenical_altar_island, kennysheep_small_spiral, trog_wizard
D:4:      layout_gridville

Skill      XL: |  1  2  3  4  5  6 |
---------------+-------------------+-----
Dodging        | 2 |  2.1
Air Magic      | 4 5 |  5.0
Conjurations   | 2 3 |  3.5
Short Blades   | 1 |  1.0
Stealth        | 2 |  2.0
Spellcasting   | 3 4 |  4.2
Fighting       | |  0.4

Action                   |  1- 3 |  4- 6 || total
-------------------------+-------+-------++-------
Melee: Short sword       |    24 |    28 ||    52
       Tailslap          |     1 |     4 ||     5
       Hand axe          |       |     6 ||     6
 Cast: Shock             |    82 |   128 ||   210
       Static Discharge  |       |     2 ||     2
  Use: Scroll            |       |     8 ||     8
       Potion            |       |     2 ||     2
Armor: Skin              |     5 |    10 ||    15
Dodge: Dodged            |    27 |    50 ||    77
